Map: Last Remnant

Players

Odin

  • Race: Zerg Zerg
  • League: Platinum
  • Spawn Location: 6:00

A.I. 1 (Harder) - Winner!

  • Race: Terran Terran
  • Spawn Location: 1:00

A.I. 2 (Harder) - Winner!

  • Race: Terran Terran
  • Spawn Location: 12:00

A.I. 3 (Harder) - Winner!

  • Race: Terran Terran
  • Spawn Location: 12:00

A.I. 4 (Harder) - Winner!

  • Race: Terran Terran
  • Spawn Location: 3:00

VOD

Have the link to the VOD?

Description

Time

  • Played on: Dec. 17, 2018, 12:38 p.m.
  • Length: 3:37
Show
View Real Time Build Order
Export as new Build Order

Odin Zerg 

Build Orders: Pool First 

Get SALT Encoding   

  12  0:20  Spawning Pool  
  11  0:24  Extractor  
  10  0:30  Overlord  
  10  0:45  Drone x2  
  10  0:46  Drone  
  13  1:07  Queen  
  15  1:16  Zergling x4  
  17  1:21  Zergling x2  
  18  1:31  Metabolic Boost  
  18  1:40  Zergling x2  
  18  1:42  Zergling x2  
  20  1:51  Zergling x2  
  21  2:03  Zergling x2  
  20  2:22  Zergling x4  
  19  2:38  Hatchery  
  19  2:42  Zergling x2  
  17  3:03  Zergling x8  
  17  3:04  Zergling x2  
Show
View Real Time Build Order
Export as new Build Order

A.I. 1 (Harder) Terran - Winner!

Build Orders:  

Get SALT Encoding   

  12  0:01  SCV  
  13  0:13  SCV  
  14  0:20  Supply Depot  
  14  0:25  SCV  
  15  0:41  SCV  
  16  0:43  Barracks  
  16  0:49  Refinery  
  16  0:53  SCV  
  17  1:05  SCV  
  18  1:18  SCV  
  19  1:21  Supply Depot  
  19  1:30  Marine, SCV  
  21  1:42  Barracks  
  21  1:44  Orbital Command  
  21  1:50  Refinery, Barracks Tech Lab  
  21  2:07  Marine  
  21  2:09  Supply Depot  
  21  2:25  Marine  
  21  2:29  Marine  
  22  2:43  Marine  
  23  2:46  Marine  
  24  2:55  Supply Depot  
  23  3:01  Marine  
  23  3:04  Marine  
  25  3:13  SCV  
  27  3:23  Engineering Bay  
  29  3:31  Supply Depot  
Show
View Real Time Build Order
Export as new Build Order

A.I. 2 (Harder) Terran - Winner!

Build Orders:  

Get SALT Encoding   

  12  0:01  SCV  
  13  0:13  SCV  
  14  0:20  Supply Depot  
  14  0:25  SCV  
  15  0:42  SCV  
  16  0:45  Barracks  
  16  0:54  SCV  
  17  1:06  SCV  
  18  1:17  Command Center  
  18  1:34  Marine, Orbital Command  
  18  1:38  Supply Depot  
  19  1:47  Refinery  
  19  1:52  Marine  
  20  2:00  SCV  
  21  2:04  Barracks  
  21  2:09  Refinery  
  21  2:10  Marine  
  21  2:12  SCV  
  22  2:25  SCV  
  22  2:29  Barracks Tech Lab  
  22  2:38  SCV  
  23  2:47  Marine  
  23  2:50  Marine  
  24  2:54  Refinery  
  24  2:59  Refinery  
  24  3:05  Marine  
  25  3:12  Marine  
  26  3:16  Factory  
  26  3:24  SCV  
  29  3:32  Barracks Tech Lab  
Show
View Real Time Build Order
Export as new Build Order

A.I. 3 (Harder) Terran - Winner!

Build Orders:  

Get SALT Encoding   

  12  0:01  SCV  
  13  0:13  SCV  
  14  0:20  Supply Depot  
  14  0:25  SCV  
  15  0:42  SCV  
  16  0:45  Barracks  
  16  0:54  SCV  
  17  1:06  SCV  
  18  1:20  Command Center  
  18  1:33  Orbital Command  
  18  1:34  Marine  
  18  1:39  Supply Depot  
  19  1:46  Refinery  
  19  1:52  Marine  
  20  1:58  SCV  
  20  2:08  Barracks  
  20  2:09  Marine  
  20  2:11  Refinery, SCV  
  21  2:27  Marine  
  21  2:28  SCV  
  23  2:45  Marine  
  23  2:47  Factory  
  23  2:49  SCV  
  24  2:55  Marine  
  24  2:56  Refinery  
  24  3:04  SCV  
  24  3:05  Barracks Tech Lab  
  25  3:08  SCV  
  26  3:13  Marine  
  26  3:16  SCV  
  28  3:20  SCV  
  30  3:31  Barracks Tech Lab  
Show
View Real Time Build Order
Export as new Build Order

A.I. 4 (Harder) Terran - Winner!

Build Orders:  

Get SALT Encoding   

  12  0:01  SCV  
  13  0:13  SCV  
  14  0:19  Supply Depot  
  14  0:25  SCV  
  15  0:41  SCV  
  16  0:45  Barracks  
  16  0:51  Refinery  
  16  0:53  SCV  
  17  1:05  SCV  
  18  1:17  SCV  
  19  1:23  Supply Depot  
  19  1:30  SCV  
  20  1:32  Marine  
  21  1:45  Barracks, Orbital Command  
  21  1:50  Marine  
  21  1:53  Refinery  
  22  2:03  Factory  
  22  2:09  Barracks Tech Lab  
  21  2:27  Marine, Supply Depot  
  22  2:32  Marine  
  22  2:44  Marine  
  22  2:49  Marine, Hellion  
  26  3:02  Marine  
  26  3:07  Marine  
  26  3:10  Hellion  
  29  3:13  Supply Depot  
Tags
 
Add a new tag
Caveats
  • Supply blocks, unpowered buildings, or Contaminate may cause inaccurate times.
  • Supply counts are checked every 10 seconds.